 Dungeon Crawl Stone Soup version 0.31-a0-618-g7ca08c1ff9 (webtiles) character file.

Game seed: 7632696596597646022

112 pascalblue the Grave Robber (level 4, 0/24 HPs)
             Began as a Deep Elf Necromancer on Aug 22, 2023.
             Slain by an ogre
             ... wielding a +0 giant spiked club
              (24 damage)
             ... on level 3 of the Dungeon.
             The game lasted 00:08:48 (2156 turns).

pascalblue the Grave Robber (Deep Elf Necromancer)  Turns: 2156, Time: 00:08:49

Health: 0/24       AC:  3    Str:  5    XL:     4   Next: 64%
Magic:  7/12       EV: 12    Int: 22    God:
Gold:   121        SH:  0    Dex: 15    Spells: 4/12 levels left

rFire   . . .        c - +0 short sword (vamp)
rCold   . . .        (no shield)
rNeg    + . .        a - +1 robe
rPois   .            (no helmet)
rElec   .            (no cloak)
rCorr   .            (no gloves)
SInv    .            (no boots)
Will    .....        (no amulet)
Stlth   ++           g - ring of positive energy
HPRegen 0.24/turn    (no ring)
MPRegen 0.13/turn

%: no passive effects
@: very slightly contaminated
A: no striking features
a: no special abilities


You were on level 3 of the Dungeon.
You visited 1 branch of the dungeon, and saw 3 of its levels.

You collected 121 gold pieces.

Inventory:

Hand Weapons
 c - a +0 vampiric short sword (weapon)
Armour
 a - a +1 robe (worn)
Jewellery
 g - a ring of positive energy (left hand)
Talismans
 f - a maw talisman
 j - a beast talisman
Scrolls
 e - a scroll of teleportation
Potions
 b - 2 potions of magic
 d - a potion of curing
 k - a potion of mutation {unknown}
 l - a potion of heal wounds {unknown}


   Skills:
 - Level 2.4 Dodging
 - Level 2.4 Stealth
 + Level 4.5 Spellcasting
 * Level 6.6 Necromancy


You had 4 spell levels left.
You knew the following spells:

 Your Spells              Type           Power      Damage    Failure   Level
a - Necrotise             Necr           100%       1d9       1%          1
b - Animate Dead          Necr           34%        N/A       7%          4
c - Vampiric Draining     Necr           34%        2d8       1%          3

Your spell library contained the following spells:

 Spells                   Type           Power      Damage    Failure   Level
 Agony                    Necr           34%        N/A       19%         5
 Malign Gateway           Summ/Tloc      2%         N/A       100%        7
 Summon Horrible Things   Summ           2%         N/A       100%        8


Dungeon Overview and Level Annotations

Branches:
Dungeon (3/15)

Altars:


Message History

Okay, then.
Okay, then.
There is an open door here.
An ogre is nearby!
The ogre shouts!
Casting: Necrotise (safe; 1% risk of failure)
Confirm with . or Enter, or press ? or * to list all spells.
Aiming: Necrotise (safe; 1% risk of failure)
Press: ? - help, Shift-Dir - straight line, f - ogre
Aim: an ogre, wielding a +0 giant spiked club (chance to affect: 83%)
The ogre barely resists.
Casting: Necrotise (safe; 1% risk of failure)
Confirm with . or Enter, or press ? or * to list all spells.
Aiming: Necrotise (safe; 1% risk of failure)
Press: ? - help, Shift-Dir - straight line, f/p - ogre
Aim: an ogre, wielding a +0 giant spiked club (chance to affect: 83%)
The ogre writhes in agony!
Casting: Necrotise (safe; 1% risk of failure)
Confirm with . or Enter, or press ? or * to list all spells.
Aiming: Necrotise (safe; 1% risk of failure)
Press: ? - help, Shift-Dir - straight line, f/p - ogre
Aim: an ogre, wielding a +0 giant spiked club (moderately wounded, chance to affect: 83%)
The ogre writhes in agony!
The ogre closely misses you.
Casting: Necrotise (safe; 1% risk of failure)
Confirm with . or Enter, or press ? or * to list all spells.
Aiming: Necrotise (safe; 1% risk of failure)
Press: ? - help, Shift-Dir - straight line, f/p - ogre
Aim: an ogre, wielding a +0 giant spiked club (heavily wounded, chance to affect: 83%)
The ogre writhes in agony!
Casting: Necrotise (safe; 1% risk of failure)
Confirm with . or Enter, or press ? or * to list all spells.
Aiming: Necrotise (safe; 1% risk of failure)
Press: ? - help, Shift-Dir - straight line, f/p - ogre
Aim: an ogre, wielding a +0 giant spiked club (almost dead, chance to affect: 83%)
You miscast Necrotise.
You are very lightly contaminated with residual magic.
Nothing appears to happen.
The ogre hits you with a +0 giant spiked club!!
Ouch! That really hurt!
You die...

..#######.## #.#
#.#........# #.#
#.#........# #.#
#.#........# ##.#######
#.#........###........#
#.#..........'........#
#.#........###........#
#.########## #........#
#.# #..@O....# #.#
#........# #.#
#........# #.#
#....!...# #.#
#........# #.###
########## ....# #.#.#
..#.#


You could see an ogre.

Vanquished Creatures
  4 adders (D:2)
  3 worms (D:2)
  3 dart slugs
  2 endoplasms (D:1)
  2 goblins
  9 hobgoblins
  5 jackals (D:1)
  7 ball pythons
  5 bats
  4 frilled lizards (D:1)
  4 kobolds
  4 rats
52 creatures vanquished.

Vanquished Creatures (collateral kills)
  A dart slug (D:1)
  A bat (D:2)
  A hobgoblin (D:2)
  A quokka (D:1)
  2 frilled lizards
6 creatures vanquished.

Grand Total: 58 creatures vanquished

Notes
Turn   | Place    | Note
-------+----------+-------------------------------------------
     0 | D:1      | pascalblue the Deep Elf Necromancer began the quest for the
                  | Orb.
     0 | D:1      | Reached XP level 1. HP: 10/10 MP: 6/6
    85 | D:1      | Reached skill level 5 in Necromancy
    99 | D:1      | Reached XP level 2. HP: 10/15 MP: 1/8
   515 | D:1      | Reached XP level 3. HP: 4/19 MP: 0/10
  1109 | D:2      | Reached skill level 6 in Necromancy
  1232 | D:2      | Reached XP level 4. HP: 24/24 MP: 8/12
  2133 | D:3      | Noticed an ogre
  2142 | D:3      | Learned a level 4 spell: Animate Dead
  2146 | D:3      | Learned a level 3 spell: Vampiric Draining
  2156 | D:3      | Slain by an ogre

Illustrated notes

Levels and vault maps discovered:
D:1:      spicycebolla_green_bress_n_ham, layout_basic, minmay_bisected
D:2:      minmay_spotlight, layout_rooms, corexii_leaking_fountain,
          minmay_cupped
D:3:      layout_basic, serial_shops, shop

Skill      XL: |  1  2  3 |
---------------+----------+-----
Necromancy     | 5 6 |  6.6
Spellcasting   | 4 |  4.5
Dodging        | |  2.4
Stealth        | |  2.4

Action                     |  1- 3 |  4- 6 || total
---------------------------+-------+-------++-------
  Melee: Unarmed           |     2 |       ||     2
         Short sword       |     1 |     3 ||     4
   Cast: Necrotise         |    68 |    44 ||   112
    Use: Scroll            |       |     4 ||     4
 Armour: Robe              |     9 |     4 ||    13
  Dodge: Dodged            |    26 |    15 ||    41

Table legend: (Time is in decaauts)
 A = Elapsed time spent in this place.
 B = Non-inter-level travel time spent in this place.
 C = Inter-level travel time spent in this place.
 D = Time resting spent in this place.
 E = Time spent auto-exploring this place.
 F = Levels seen in this place.
 G = Mean time per level.
                   A        B        C        D        E       F      G
               +--------+--------+--------+--------+--------+-----+--------+
         Total |   2153 |   2115 |     38 |    130 |   1597 |   3 |  717.7 |
       Dungeon |   2153 |   2115 |     38 |    130 |   1597 |   3 |  717.7 |
               +--------+--------+--------+--------+--------+-----+--------+

Top non-repeatable levels by time:
     D:1: 1005 daAuts
     D:2: 876 daAuts
     D:3: 271 daAuts
